 Dungeon Crawl Stone Soup version 0.30-a0-782-ge64f9170bb (webtiles) character file.

Game seed: 1543097276652888691

4298 epen the Protected (level 10, -4/74 HPs)
             Began as a Gnoll Wanderer on Feb 19, 2023.
             Slain by a vampire (10 damage)
             ... on level 9 of the Dungeon.
             The game lasted 00:14:31 (10260 turns).

epen the Protected (Gnoll Wanderer)                Turns: 10260, Time: 00:14:32

Health: -4/74      AC: 10    Str: 10    XL:     10   Next: 32%
Magic:  0/21       EV: 12    Int: 12    God:
Gold:   277        SH:  7    Dex: 17    Spells: 20/23 levels left

rFire   . . .      SeeInvis .      - Unarmed
rCold   . . .      Faith    .    r - +1 buckler
rNeg    + . .      Spirit   +    c - +0 ring mail
rPois   +          Reflect  .    (no helmet)
rElec   .          Harm     .    i - +0 cloak
rCorr   .          Rampage  .    u - +0 pair of gloves
Will    .....                    (no boots)
Stlth   ++                       l - amulet of guardian spirit
HPRegen 0.32/turn                h - ring of poison resistance
MPRegen 0.17/turn                k - ring of positive energy

@: no status effects
A: fangs 1, strong nose, distributed training
a: no special abilities


You were on level 9 of the Dungeon.
You visited 2 branches of the dungeon, and saw 10 of its levels.
You also visited: Sewer and Ossuary.

You collected 349 gold pieces.
You spent 72 gold pieces at shops.

Inventory:

Hand Weapons
 a - a +0 dagger
 m - a +3 dagger of venom
Armour
 c - a +0 ring mail (worn)
 i - a +0 cloak (worn)
 r - a +1 buckler (worn)
 u - a +0 pair of gloves (worn)
Jewellery
 h - a ring of poison resistance (left hand)
 k - a ring of positive energy (right hand)
 l - an amulet of guardian spirit (around neck)
 C - an amulet of faith
Wands
 w - a wand of light (3)
Scrolls
 d - 5 scrolls of fog
 g - 2 scrolls of blinking
 o - 2 scrolls of amnesia
 s - a scroll of fear
 y - 6 scrolls of identify
 A - a scroll of teleportation
 D - 4 scrolls of enchant weapon
Potions
 b - 5 potions of brilliance
 e - 3 potions of invisibility
 f - 2 potions of cancellation {unknown}
 j - 3 potions of mutation
 n - 2 potions of flight
 p - 2 potions of resistance {unknown}
 q - 2 potions of attraction
 t - 2 potions of might {unknown}
 v - a potion of ambrosia {unknown}
 x - a potion of curing
 z - a potion of lignification
 B - a potion of heal wounds
 E - 3 potions of haste {unknown}
 F - a potion of magic {unknown}


   Skills:
 + Level 5.3 Fighting
 + Level 5.3 Short Blades
 + Level 5.3 Long Blades
 + Level 5.3 Axes
 + Level 5.3 Maces & Flails
 + Level 5.3 Polearms
 + Level 5.3 Staves
 + Level 5.3 Ranged Weapons
 + Level 5.3 Throwing
 + Level 10.1 Armour
 + Level 5.3 Dodging
 + Level 5.3 Stealth
 + Level 5.3 Shields
 + Level 8.5 Unarmed Combat
 + Level 7.4 Spellcasting
 + Level 4.4 Conjurations
 + Level 4.4 Hexes
 + Level 4.4 Summonings
 + Level 4.4 Necromancy
 + Level 5.0 Translocations
 + Level 4.4 Transmutations
 + Level 4.4 Fire Magic
 + Level 4.4 Ice Magic
 + Level 4.4 Air Magic
 + Level 4.4 Earth Magic
 + Level 4.4 Poison Magic
 + Level 5.9 Invocations
 + Level 5.3 Evocations


You had 20 spell levels left.
You knew the following spells:

 Your Spells              Type           Power      Damage    Failure   Level
a - Frozen Ramparts       Ice            30%        1d5       21%         3

Your spell library contained the following spells:

 Spells                   Type           Power      Damage    Failure   Level
 Freeze                   Ice            60%        1d7       7%          1
 Blink                    Tloc           32%        N/A       9%          2
 Lesser Beckoning         Tloc           32%        N/A       9%          2
 Static Discharge         Conj/Air       30%        2-4/arc   11%         2
 Vhi's Electric Charge    Tloc/Air       30%        N/A       19%         3
 Hailstorm                Conj/Ice       15%        3d5       21%         3
 Summon Ice Beast         Ice/Summ       15%        N/A       56%         4
 Alistair's Intoxication  Tmut/Pois      10%        N/A       88%         5
 Arcjolt                  Conj/Air       7%         1d17      88%         5
 Borgnjor's Vile Clutch   Necr/Erth      7%         N/A       88%         5
 Lightning Bolt           Conj/Air       7%         1d20      88%         5
 Summon Mana Viper        Hex/Summ       15%        N/A       88%         5
 Eringya's Noxious Bog    Tmut/Pois      7%         N/A       100%        6
 Monstrous Menagerie      Summ           7%         N/A       100%        7
 Borgnjor's Revivificati  Necr           7%         N/A       100%        8
 Necromutation            Tmut/Necr      7%         N/A       100%        8
 Death's Door             Necr           7%         N/A       100%        9


Dungeon Overview and Level Annotations

Branches:
Dungeon (9/15)             Temple (1/1) D:5            Lair (0/5) D:8
    Orc (0/2) D:9           Sewer (visited)         Ossuary (visited)

Altars:
Ashenzari
Dithmenos
Elyvilon
Gozag
Kikubaaqudgha
Makhleb
Nemelex Xobeh
Okawaru
Qazlal
Ru
Sif Muna
Trog
Uskayaw
Vehumet
Wu Jian
Zin
The Shining One

Shops:
D:1 *


Innate Abilities, Weirdness & Mutations

You have very sharp teeth.
Your uncanny sense of smell can sniff out nearby items.
Your experience applies equally to all skills.


Message History

The wall freezes something but does no damage.
Something hits you! Something bites you but does no damage.
You miss something. You miss something.
The wall freezes something but does no damage.
Something hits you but does no damage. Something bites you but does no damage.
You barely miss something.
The wall freezes something but does no damage.
Something hits you but does no damage. Something bites you.
Something draws strength from your injuries!
Your magical contamination has completely faded away.
You miss something.
The wall freezes something but does no damage.
Something hits you!
* * * LOW HITPOINT WARNING * * *
Something bites you.
* * * LOW HITPOINT WARNING * * *
Something draws strength from your injuries!
You punch something!
The frozen ramparts melt away.
Something hits you!
* * * LOW HITPOINT WARNING * * *
You block something's attack.
You miss something. Something hits you!
* * * LOW HITPOINT WARNING * * *
Something bites you but does no damage.
You feel much better. Something hits you!
* * * LOW HITPOINT WARNING * * *
Something bites you but does no damage.
Casting: Frozen Ramparts (dangerous; 21% risk of failure)
Confirm with . or Enter, or press ? or * to list all spells.
You don't have enough magic to cast this spell.
Casting: Frozen Ramparts (dangerous; 21% risk of failure)
Confirm with . or Enter, or press ? or * to list all spells.
You don't have enough magic to cast this spell.
Casting: Frozen Ramparts (dangerous; 21% risk of failure)
Confirm with . or Enter, or press ? or * to list all spells.
You don't have enough magic to cast this spell.
You closely miss something. Something draws life force from you!
* * * LOW HITPOINT WARNING * * *
You hit something but do no damage. Something hits you!
You die...

.. .# .# ###.##
#.[..# # #....# #.
#....# ###.##..###
.##.....#..@#
....#.#.#.###
#...[.....#
#.#...#.### ∆ .
#.###.#.#
..##.###...######
.........###....##
........###..<...##
........#.........#


There were no monsters in sight!

Vanquished Creatures
  Joseph (D:8)
  A troll (D:8)
  A wyvern (D:8)
  3 water moccasins (D:7)
  An orc warrior (D:7)
  An ice beast (D:6)
  A black bear (D:5)
  4 centaurs
  3 wolves
  6 bullfrogs
  2 necrophages (D:5)
  6 scorpions
  A wight (D:4)
  5 killer bees (D:7)
  4 electric eels (D:8)
  4 howler monkeys
  10 hounds
  A jelly (D:8)
  2 orc priests (D:8)
  An orc wizard (D:4)
  2 iguanas
  12 mummies (Ossuary)
  3 gnolls
  16 adders
  7 river rats (Sewer)
  An ufetubus (D:6)
  3 worms
  A dart slug (D:5)
  17 orcs
  6 endoplasms
  4 giant cockroaches
  4 goblins
  7 hobgoblins
  5 jackals
  4 quokkas
  21 ball pythons
  6 bats
  3 frilled lizards
  A gnoll skeleton (Ossuary)
  2 goblin skeletons (Ossuary)
  3 kobolds
  3 kobold skeletons (Ossuary)
  2 orc skeletons (Ossuary)
  31 rats
  11 rat skeletons (Ossuary)
233 creatures vanquished.

Notes
Turn   | Place    | Note
-------+----------+-------------------------------------------
     0 | D:1      | epen the Gnoll Wanderer began the quest for the Orb.
     0 | D:1      | epen set off with the following items: a +0 dagger, a
                  | potion of brilliance, a +0 ring mail, a scroll of fog, a
                  | potion of invisibility; and the following spells available
                  | to memorise: Blink, Lesser Beckoning.
     0 | D:1      | Reached XP level 1. HP: 13/13 MP: 6/6
   199 | D:1      | Reached XP level 2. HP: 20/20 MP: 7/7
   385 | D:1      | Reached skill level 5 in Spellcasting
   385 | D:1      | Reached XP level 3. HP: 25/25 MP: 7/9
   412 | D:1      | Found Xaith's Assorted Antiques.
   425 | D:1      | Bought a sapphire potion for 17 gold pieces
   425 | D:1      | Bought a sapphire potion for 17 gold pieces
   610 | D:2      | Reached skill level 1 in Invocations
   856 | D:2      | Reached skill level 1 in Fighting
   856 | D:2      | Reached skill level 1 in Short Blades
   856 | D:2      | Reached skill level 1 in Long Blades
   856 | D:2      | Reached skill level 1 in Axes
   856 | D:2      | Reached skill level 1 in Maces & Flails
   856 | D:2      | Reached skill level 1 in Polearms
   856 | D:2      | Reached skill level 1 in Staves
   856 | D:2      | Reached skill level 1 in Ranged Weapons
   856 | D:2      | Reached skill level 1 in Throwing
   856 | D:2      | Reached skill level 1 in Dodging
   856 | D:2      | Reached skill level 1 in Stealth
   856 | D:2      | Reached skill level 1 in Shields
   856 | D:2      | Reached skill level 1 in Evocations
  1205 | D:2      | Reached XP level 4. HP: 31/32 MP: 11/11
  1352 | D:3      | Reached skill level 1 in Conjurations
  1352 | D:3      | Reached skill level 1 in Hexes
  1352 | D:3      | Reached skill level 1 in Summonings
  1352 | D:3      | Reached skill level 1 in Necromancy
  1352 | D:3      | Reached skill level 1 in Transmutations
  1352 | D:3      | Reached skill level 1 in Fire Magic
  1352 | D:3      | Reached skill level 1 in Ice Magic
  1352 | D:3      | Reached skill level 1 in Air Magic
  1352 | D:3      | Reached skill level 1 in Earth Magic
  1352 | D:3      | Reached skill level 1 in Poison Magic
  1488 | D:3      | Identified the +0 ring mail "Luuppo" {Harm rC+ Regen+}
  1788 | D:3      | Found a faded altar of an unknown god.
  2085 | D:1      | Bought a scroll labelled HONOXTAVVE for 19 gold pieces
  2085 | D:1      | Bought a scroll labelled IJUGOF GUVO for 19 gold pieces
  2300 | D:4      | Found a stormy altar of Qazlal.
  2304 | D:4      | Found an iron altar of Okawaru.
  2309 | D:4      | Found a glowing silver altar of Zin.
  2310 | D:4      | Found an ancient bone altar of Kikubaaqudgha.
  2310 | D:4      | Found a bloodstained altar of Trog.
  2310 | D:4      | Found a burning altar of Makhleb.
  2312 | D:4      | Found a white marble altar of Elyvilon.
  2315 | D:4      | Found a broken altar of Ashenzari.
  2423 | D:4      | Reached XP level 5. HP: 24/37 MP: 7/12
  2539 | D:4      | Reached XP level 6. HP: 43/44 MP: 11/13
  3204 | D:5      | Entered Level 5 of the Dungeon
  3320 | D:5      | Reached XP level 7. HP: 34/48 MP: 10/15
  3521 | D:5      | Reached skill level 9 in Armour
  3817 | D:5      | Found a sand-covered staircase.
  3825 | Ossuary  | Entered an ossuary
  4399 | D:5      | Reached XP level 8. HP: 58/58 MP: 16/16
  4543 | D:5      | Found a staircase to the Ecumenical Temple.
  4681 | Temple   | Entered the Ecumenical Temple
  5573 | D:6      | Found a glowing drain.
  5587 | Sewer    | Entered a sewer
  6420 | D:6      | Reached XP level 9. HP: 47/65 MP: 13/18
  6583 | D:6      | Found an opulent altar of Gozag.
  7795 | D:7      | Reached skill level 5 in Invocations
  7852 | D:7      | Found a radiant altar of Vehumet.
  8358 | D:8      | Noticed a troll
  8385 | D:8      | Killed a troll
  8392 | D:8      | Noticed Joseph
  8397 | D:8      | HP: 3/67 [wolf (3)]
  8570 | D:7      | Learned a level 3 spell: Frozen Ramparts
  8738 | D:8      | Reached skill level 5 in Fighting
  8738 | D:8      | Reached skill level 5 in Short Blades
  8738 | D:8      | Reached skill level 5 in Long Blades
  8738 | D:8      | Reached skill level 5 in Axes
  8738 | D:8      | Reached skill level 5 in Maces & Flails
  8738 | D:8      | Reached skill level 5 in Polearms
  8738 | D:8      | Reached skill level 5 in Staves
  8738 | D:8      | Reached skill level 5 in Ranged Weapons
  8738 | D:8      | Reached skill level 5 in Throwing
  8738 | D:8      | Reached skill level 5 in Dodging
  8738 | D:8      | Reached skill level 5 in Stealth
  8738 | D:8      | Reached skill level 5 in Shields
  8738 | D:8      | Reached skill level 5 in Evocations
  8738 | D:8      | Reached XP level 10. HP: 72/74 MP: 14/20
  9092 | D:8      | Found a staircase to the Lair.
  9103 | D:8      | Reached skill level 10 in Armour
  9240 | D:8      | Killed Joseph
  9469 | D:8      | Reached skill level 5 in Translocations
  9482 | D:8      | HP: 1/74 [electric eel/bolt of electricity (8)]
 10209 | D:9      | Found a staircase to the Orcish Mines.
 10255 | D:9      | HP: 3/74 [something (7)]
 10260 | D:9      | Slain by a vampire

Illustrated notes

Levels and vault maps discovered:
D:1:      matt_arrival_diagonals, layout_basic, serial_shops, shop_statue
D:2:      layout_loops_ring
D:3:      minmay_general_purpose_star, layout_basic,
          hellmonk_ecumenical_altar_zigzags
D:4:      layout_loops_ring, minitemple, nrook_mini_vaults, minmay_pentangle
D:5:      layout_loops_corners, temple_doors_ab, nicolae_ossuary_entry_monument,
          st_stairs_7, grunt_decor_one_mirror
D:6:      layout_cave_pools, nicolae_overflow_hidden_temple,
          cheibrodos_sewer_entry_drain, grunt_ministairs_3
D:7:      layout_rooms, nicolae_vehumet_radiance, st_stairs_8, chequers_garden,
          roderic_roman_lattice
D:8:      layout_layer_cave, erik_lair_island, chequers_serial_rivers_micro_e,
          uniq_joseph
D:9:      minmay_evil_eye, layout_basic, nicolae_overflow_hallway_of_the_gods
Temple:   nicolae_temple_bog_church

Skill      XL: |  1  2  3  4  5  6  7  8  9 10 |
---------------+-------------------------------+-----
Translocations | 2 3 4 5 |  5.0
Spellcasting   | 5 6 7 |  7.4
Invocations    | 1 2 3 4 5 |  5.9
Fighting       | 1 2 3 5 |  5.3
Short Blades   | 1 2 3 5 |  5.3
Long Blades    | 1 2 3 5 |  5.3
Axes           | 1 2 3 5 |  5.3
Maces & Flails | 1 2 3 5 |  5.3
Polearms       | 1 2 3 5 |  5.3
Staves         | 1 2 3 5 |  5.3
Ranged Weapons | 1 2 3 5 |  5.3
Throwing       | 1 2 3 5 |  5.3
Dodging        | 1 2 3 5 |  5.3
Stealth        | 1 2 3 5 |  5.3
Shields        | 1 2 3 5 |  5.3
Evocations     | 1 2 3 5 |  5.3
Conjurations   | 1 2 3 4 |  4.4
Hexes          | 1 2 3 4 |  4.4
Summonings     | 1 2 3 4 |  4.4
Necromancy     | 1 2 3 4 |  4.4
Transmutations | 1 2 3 4 |  4.4
Fire Magic     | 1 2 3 4 |  4.4
Ice Magic      | 1 2 3 4 |  4.4
Air Magic      | 1 2 3 4 |  4.4
Earth Magic    | 1 2 3 4 |  4.4
Poison Magic   | 1 2 3 4 |  4.4
Unarmed Combat | 7 8 |  8.5
Armour         | 9 10 | 10.1

Action                     |  1- 3 |  4- 6 |  7- 9 | 10-12 || total
---------------------------+-------+-------+-------+-------++-------
  Melee: Unarmed           |   103 |   228 |   667 |   102 ||  1100
         Dagger            |     6 |       |       |       ||     6
         Punch             |     2 |     1 |       |       ||     3
         Bite              |     4 |    19 |    77 |    13 ||   113
   Cast: Frozen Ramparts   |       |       |     2 |     7 ||     9
    Use: Scroll            |       |     8 |    15 |       ||    23
         Potion            |       |     4 |     3 |     2 ||     9
   Stab: Sleeping          |       |     3 |     8 |       ||    11
 Armour: Ring mail         |    61 |    83 |   246 |    28 ||   418
  Dodge: Dodged            |    51 |    91 |   411 |    45 ||   598
  Block: Buckler           |       |    22 |   201 |    31 ||   254

Table legend: (Time is in decaauts)
 A = Elapsed time spent in this place.
 B = Non-inter-level travel time spent in this place.
 C = Inter-level travel time spent in this place.
 D = Time resting spent in this place.
 E = Time spent auto-exploring this place.
 F = Levels seen in this place.
 G = Mean time per level.
                   A        B        C        D        E       F      G
               +--------+--------+--------+--------+--------+-----+--------+
         Total |  10210 |   9711 |    499 |   2159 |   5065 |  12 |  850.8 |
       Dungeon |   8758 |   8259 |    499 |   1892 |   4452 |   9 |  973.1 |
        Temple |    228 |    228 |      0 |      0 |    189 |   1 |  228.0 |
         Sewer |    677 |    677 |      0 |    267 |     66 |   1 |  677.0 |
       Ossuary |    546 |    546 |      0 |      0 |    357 |   1 |  546.0 |
               +--------+--------+--------+--------+--------+-----+--------+

Top non-repeatable levels by time:
     D:8: 1655 daAuts
     D:7: 1477 daAuts
     D:5: 1439 daAuts
     D:4: 1053 daAuts
     D:6: 965 daAuts
     D:3: 743 daAuts
     D:2: 738 daAuts
   Sewer: 677 daAuts
     D:1: 636 daAuts
 Ossuary: 546 daAuts
  Temple: 228 daAuts
     D:9: 47 daAuts
